[Event "Late-Titled-Tuesday-Blitz-July-09-2024"]
[Site "Chess.com"]
[Date "2024.07.09"]
[Round "6"]
[White "ArturoCaceres"]
[Black "Korchmar_Vasiliy"]
[Result "1/2-1/2"]
[WhiteElo "2406"]
[BlackElo "2606"]
[TimeControl "180+1"]
[EndTime "15:07:57 PDT"]
[Termination "Game drawn by 50-move rule"]

1. Nf3 d5 2. d4 Nf6 3. Bf4 c5 4. c3 Nc6 5. e3 g6 6. Nbd2 Bg7 7.
Ne5 O-O 8. Bg3 Nh5 9. f4 Nxg3 10. hxg3 f6 11. Nxc6 bxc6 12. dxc5 e5 13. Be2 Rb8 14. b4 f5 15. Rc1 d4 16. exd4 exd4 17. Nc4 dxc3 18.
Qxd8 Rxd8 19. a3 Be6 20. Na5 Bd5 21. O-O Re8 22. Bf3 Bxf3 23. Rxf3 Re6 24. Nc4 Rd8 25. Ne5 Bxe5 26. fxe5 Rxe5 27. Rfxc3 Re2 28. R3c2 Rxc2 29. Rxc2 Rd3 30. a4 a6 31. b5 axb5 32. axb5 cxb5 33. c6 Rd8 34. Kf2 Kf7 35. Ke3 Ke6 36. Rb2 Rc8 37.
Rb1 Rxc6 38. Rxb5 Rc3+ 39. Kf2 Kf6 40. Rb7 h6 41. Rb4 Kg5 42. Rb6 Ra3 43. Rb4 Ra6 44.
Rc4 Re6 45. Kf3 h5 46. Rb4 Kf6 47. Rb8 Ra6 48. Rb3 Rc6 49. Ra3 g5 50. Rb3 g4+ 51.
Kf2 Kg5 52. Rb2 Rc3 53. Ra2 Rb3 54. Rc2 h4 55. gxh4+ Kxh4 56. Rc8 g3+ 57. Kf1 Rb1+ 58. Ke2 Rb2+ 59. Kf1 Rb1+ 60. Ke2 Rg1 61. Kf3 Rf1+ 62.
Ke3 f4+ 63. Ke4 Rf2 64. Rh8+ Kg5 65. Rg8+ Kf6 66. Rg4 Rxg2 67. Kxf4 Rf2+ 68. Kxg3 Ra2 69. Rb4 Ra3+ 70. Kf4 Ra1 71. Rb6+ Ke7 72. Ke5 Ra5+ 73. Kd4 Ra4+ 74. Kd5 Ra5+ 75. Kc6 Ra1 76. Rb7+ Ke6 77. Rb8 Rc1+ 78. Kb7 Kd7 79. Rh8 Rb1+ 80. Ka6 Kc6 81.
Rh6+ Kc5 82. Ka7 Rb2 83. Rh5+ Kc6 84. Rh6+ Kc7 85. Rh7+ Kc6 86. Rh6+ Kc7 87. Ka6 Rb1 88. Ka5 Rb2 89. Rh7+ Kc6 90. Rh6+ Kc5 91. Ka4 Rb1 92. Ka3 Rb8 93. Rh5+ Kc4 94. Rh4+ Kc3 95. Rh3+ Kc4 96. Ka2 Ra8+ 97. Kb2 Rg8 98. Rh4+ Kb5 99. Rh5+ Kb4 100. Rh4+ Kb5 101. Kb3 Rg3+ 102. Kc2 Kc5 103. Rh5+ Kc4 104. Rh4+ Kc5 105. Rh8 Rg2+ 106. Kd3 Rg3+ 107. Ke4 Rg1 108. Rc8+ Kd6 109. Rd8+ Ke7 110. Rd2 Ke6 111. Ra2 Rg4+ 112. Kf3 Rb4 113. Ra6+ Kf5 114. Ra5+ Kf6 115. Ra6+ Ke5 116. Ra5+ Kf6 117. Ke3 Rb3+ 118. Kd4 1/2-1/2

[Event "Late-Titled-Tuesday-Blitz-July-09-2024"]
[Site "Chess.com"]
[Date "2024.07.09"]
[Round "6"]
[White "andrejljepic"]
[Black "IlanSchnaider"]
[Result "1/2-1/2"]
[WhiteElo "2496"]
[BlackElo "2846"]
[TimeControl "180+1"]
[EndTime "15:08:54 PDT"]
[Termination "Game drawn by 50-move rule"]

1. e3 Nf6 2. Nf3 d5 3. b3 e6 4. Bb2 Be7 5. c4 O-O 6. d3 b6 7.
Nbd2 Bb7 8. Be2 Nbd7 9. Qc2 Re8 10. O-O c5 11. Rac1 Bd6 12. Rfd1 a5 13. a4 e5 14. cxd5 Nxd5 15. Nc4 Bc7 16. Qb1 Qe7 17. Ne1 Nb4 18. Bf3 Rab8 19. Bxb7 Rxb7 20. e4 Nf8 21. Nc2 Nxc2 22. Qxc2 Ng6 23. g3 Qg5 24. Qd2 Qh5 25.
Ne3 Bd8 26. Re1 Rd7 27. Rcd1 Bg5 28. Qe2 Qxe2 29. Rxe2 Bxe3 30. fxe3 Red8 31. Red2 f6 32. Kf2 Ne7 33. Ke2 Nc6 34. Bc3 Kf7 35. Rf1 Ke6 36.
Rdd1 Rb7 37. Kd2 b5 38. axb5 Rxb5 39. Kc2 Rdb8 40. Rb1 h5 41. Rb2 h4 42. g4 h3 43.
Rf3 Rh8 44. Rb1 Nb4+ 45. Kd2 Rd8 46. Bxb4 Rxb4 47. Rff1 Rxe4 48. g5 f5 49. Ra1 Rb4 50. Rxa5 Rxb3 51. Ra6+ Ke7 52. Rxf5 Rdxd3+ 53. Kc2 Rdc3+ 54. Kd2 Rd3+ 55. Kc2 Rxe3 56. g6 Rbc3+ 57. Kb2 Rb3+ 58. Kc2 Rec3+ 59. Kd2 Rd3+ 60. Kc2 Rdc3+ 61. Kd2 Rd3+ 62.
Ke2 c4 63. Rf7+ Ke8 64. Ra8+ Rd8 65. Ra5 Rb2+ 66. Kf3 Rd3+ 67. Kg4 Rg2+ 68. Kh5 c3 69. Rxg7 Kf8 70. Rf7+ Ke8 71. Rxe5+ Kd8 72. Ra5 Ke8 73. Ra8+ Rd8 74. Raa7 Rd5+ 75. Kh6 c2 76. Rac7 Rxh2 77. Rc8+ Rd8 78. Rxc2 Rxc2 79. Rf4 Rg2 80. g7 Rd6+ 81. Kh7 Rxg7+ 82. Kxg7 Rd3 83. Rh4 Rg3+ 84. Kf6 Kd7 85. Kf5 Kd6 86. Kf4 Ra3 87. Kg4 Ke5 88. Rxh3 Ra4+ 89. Kg5 Ra1 90. Re3+ Kd4 91. Re8 Ra7 92.
Kf6 Rh7 93. Rd8+ Ke4 94. Ke6 Rh6+ 95. Kd7 Kd5 96. Kc7+ Kc5 97. Rd7 Ra6 98. Kd8 Kc6 99.
Ke7 Ra1 100. Rd6+ Kc5 101. Re6 Kd5 102. Rd6+ Kc5 103. Re6 Rf1 104. Rf6 Rh1 105. Re6 Rh5 106. Kf6 Kd5 107. Re8 Rh6+ 108. Kg5 Ra6 109. Re1 Ra2 110. Rd1+ Ke6 111. Re1+ Kf7 112. Kf4 Kf6 113. Kf3 Kf5 114. Re3 Rh2 115. Kg3 Rh8 116. Rf3+ Kg5 117. Rb3 Rc8 118. Rb5+ Kf6 119. Rb3 Kf5 120. Rf3+ Ke5 121. Re3+ Kd4 122. Ra3 Rg8+ 123. Kf2 Rh8 124. Rf3 Ke4 125. Re3+ Kd4 126. Rf3 Rh2+ 127. Kg3 Rh1 128. Kf4 Rh4+ 129. Kg3 Rh8 130. Rf4+ Ke3 131. Rf3+ Ke4 132. Rf4+ Ke5 133. Rf3 Rg8+ 134. Kf2 Kd4 135. Rf4+ Kd3 136. Rf3+ Kd2 137. Rf7 Rd8 138. Rf6 1/2-1/2

[Event "Late-Titled-Tuesday-Blitz-July-09-2024"]
[Site "Chess.com"]
[Date "2024.07.09"]
[Round "7"]
[White "th3d4rkness"]
[Black "simaopdias"]
[Result "1-0"]
[WhiteElo "2257"]
[BlackElo "2185"]
[TimeControl "180+1"]
[EndTime "15:10:32 PDT"]
[Termination "th3d4rkness won by resignation"]

1. e4 e5 2. Nf3 Nc6 3. d4 exd4 4. Bc4 Bc5 5. O-O Nf6 6. e5 d5 7. exf6 dxc4 8. Re1+ Be6 9. Ng5 Qxf6 10. Nxe6 fxe6 11. Qh5+ g6 12. Qxc5 O-O-O 13. Bg5 1-0

[Event "Late-Titled-Tuesday-Blitz-July-09-2024"]
[Site "Chess.com"]
[Date "2024.07.09"]
[Round "7"]
[White "EternalNight8"]
[Black "CapivaraBondoso"]
[Result "1-0"]
[WhiteElo "2376"]
[BlackElo "2093"]
[TimeControl "180+1"]
[EndTime "15:10:47 PDT"]
[Termination "EternalNight8 won by resignation"]

1. e4 c5 2. Nf3 d6 3. d4 cxd4 4.
Nxd4 Nf6 5. Nc3 a6 6. Bg5 e6 7. f4 Be7 8. Qf3 Qc7 9. O-O-O Nbd7 10.
g4 b5 11. Bxf6 Nxf6 12. g5 Nd7 13. f5 b4 14. fxe6 bxc3 15. exf7+ 1-0

[Event "Late-Titled-Tuesday-Blitz-July-09-2024"]
[Site "Chess.com"]
[Date "2024.07.09"]
[Round "7"]
[White "Roedor"]
[Black "kkpanu9"]
[Result "1-0"]
[WhiteElo "2387"]
[BlackElo "2054"]
[TimeControl "180+1"]
[EndTime "15:12:35 PDT"]
[Termination "Roedor won by resignation"]

1. d4 Nf6 2. c4 e6 3. g3 d5 4. Bg2 Be7 5. Nf3 O-O 6. O-O c6 7. Nbd2 Nbd7 8. Qc2 b6 9. e4 Bb7 10. e5 Ne8 11. cxd5 cxd5 12. Re1 Rc8 13. Qa4 a6 14. Nf1 b5 15. Qd1 Nb6 16. h4 b4 17.
b3 a5 18. a4 bxa3 19. Bxa3 Bb4 20. Bxb4 axb4 21. Qd2 Qe7 22. Ra7 Rb8 23. h5 h6 24.
Ne3 Nc7 25. Bf1 Nb5 26. Bxb5 Ra8 27. Rea1 Rxa7 28. Rxa7 Ra8 29. Rxa8+ Bxa8 30. Qa2 Qc7 31. Kg2 Bc6 32. Qc2 1-0

[Event "Late-Titled-Tuesday-Blitz-July-09-2024"]
[Site "Chess.com"]
[Date "2024.07.09"]
[Round "7"]
[White "LikeWater"]
[Black "TigrVShlyape"]
[Result "0-1"]
[WhiteElo "2669"]
[BlackElo "2968"]
[TimeControl "180+1"]
[EndTime "15:12:55 PDT"]
[Termination "TigrVShlyape won by resignation"]

1. e4 c5 2. c3 Nf6 3. e5 Nd5 4. Nf3 Nc6 5. Bc4 Nb6 6. Bb3 d5 7.
exd6 e6 8. d4 Bxd6 9. O-O O-O 10. a3 cxd4 11. cxd4 Ne7 12. Nc3 Bd7 13. Bg5 Bc6 14. Ne5 Bxe5 15. dxe5 Qxd1 16. Rfxd1 Ng6 17. Re1 Nd7 18. f4 h6 19. f5 exf5 20. e6 hxg5 21. exd7 Bxd7 22. Rad1 Bc6 23. Nd5 Rad8 24. Ne7+ Nxe7 25. Rxd8 Rxd8 26. Rxe7 Rd2 27. Rxf7 Rxg2+ 28. Kf1 Rxb2 29. Rxb7+ Kf8 30. Rb8+ Ke7 31. Rc8 Bb5+ 32.
Bc4 Rc2 0-1

[Event "Late-Titled-Tuesday-Blitz-July-09-2024"]
[Site "Chess.com"]
[Date "2024.07.09"]
[Round "7"]
[White "duone"]
[Black "PapaieDudu"]
[Result "1-0"]
[WhiteElo "2332"]
[BlackElo "2404"]
[TimeControl "180+1"]
[EndTime "15:13:06 PDT"]
[Termination "duone won by resignation"]

1. Nf3 d5 2. g3 e6 3. Bg2 Nf6 4. c4 Be7 5. O-O O-O 6. b3 b6 7. Bb2 Bb7 8. d4 c5 9. Nbd2 Nc6 10. e3 Rc8 11. Rc1 a6 12. cxd5 exd5 13. Ne5 Nxe5 14. dxe5 Ne4 15. Nxe4 dxe4 16. Qg4 Qd2 17. Bc3 Qd5 18.
Rfd1 Qe6 19. Qxe6 fxe6 20. Rd7 Bd5 21. Rxe7 b5 22. Bh3 Rc6 23. Rd1 c4 24. b4 Rfc8 25.
Rxd5 exd5 26. Bxc8 Rxc8 27. Rd7 Kf8 28. e6 Ke8 29.
Rxg7 Rc6 30. Rxh7 a5 31. a3 axb4 32. axb4 Ra6 33. Rc7 Rxe6 34. Rc5 Ra6 35. Rxd5 Ra3 36. Bd4 Rd3 37. Rxb5 Kd7 38. Rc5 Rd1+ 39. Kg2 Rc1 40. b5 Kd6 41. b6 Rc2 42. b7 Rb2 43. Rxc4 Rxb7 44. Rc8 Kd7 45. Rg8 Ke6 46. h4 Kf5 47. Rg5+ Ke6 48. h5 Kd6 49. g4 Rb5 50. Rxb5 1-0

[Event "Late-Titled-Tuesday-Blitz-July-09-2024"]
[Site "Chess.com"]
[Date "2024.07.09"]
[Round "7"]
[White "FMalexhdez"]
[Black "Gyulamiryan-koryun"]
[Result "1-0"]
[WhiteElo "2277"]
[BlackElo "1922"]
[TimeControl "180+1"]
[EndTime "15:13:13 PDT"]
[Termination "FMalexhdez won by resignation"]

1. e4 e5 2. Nf3 Nc6 3. Bc4 Nf6 4. d3 Be7 5. O-O O-O 6. c3 d5 7.
exd5 Nxd5 8. Nbd2 Nf4 9. Ne4 Nxd3 10. Bxd3 Bg4 11. h3 Bh5 12. Ng3 Bxf3 13. Qxf3 g6 14. Rd1 Qe8 15. Bh6 f5 16. Bc4+ Kh8 17. Bxf8 Bxf8 18.
Qd5 Bg7 19. Qe6 Qf8 20. Rd7 Re8 21. Qd5 e4 22. Qf7 Qxf7 23. Bxf7 Ne5 24. Bxe8 Nxd7 25.
Bxd7 1-0

[Event "Late-Titled-Tuesday-Blitz-July-09-2024"]
[Site "Chess.com"]
[Date "2024.07.09"]
[Round "7"]
[White "TokChess"]
[Black "ChessicallyInclined"]
[Result "0-1"]
[WhiteElo "2582"]
[BlackElo "2737"]
[TimeControl "180+1"]
[EndTime "15:13:43 PDT"]
[Termination "ChessicallyInclined won by resignation"]

1. d4 Nf6 2. c3 b6 3. Nf3 Bb7 4. g3 g6 5. Bg2 Bg7 6. O-O O-O 7. a4 d6 8. a5 b5 9. Bg5 a6 10. Nbd2 c5 11. Bxf6 Bxf6 12. b4 cxb4 13. cxb4 Nc6 14. Ne4 Nxb4 15. Nxf6+ exf6 16. Qd2 Nc6 17. h4 h5 18. Qh6 Nxa5 19. Rxa5 Qxa5 20. Ng5 fxg5 21.
Bxb7 b4 22. Be4 Qc7 23. Qxg5 Rae8 24. Rc1 Qe7 0-1

[Event "Late-Titled-Tuesday-Blitz-July-09-2024"]
[Site "Chess.com"]
[Date "2024.07.09"]
[Round "7"]
[White "TC2304"]
[Black "ExchangeAB"]
[Result "0-1"]
[WhiteElo "2350"]
[BlackElo "2464"]
[TimeControl "180+1"]
[EndTime "15:13:51 PDT"]
[Termination "ExchangeAB won by resignation"]

1. d4 Nf6 2. Nf3 c5 3. d5 g6 4.
Nc3 d6 5. e4 Bg7 6. Bb5+ Nfd7 7.
a4 O-O 8. O-O Ne5 9. Nxe5 Bxe5 10. f4 Bd4+ 11. Kh1 e6 12. Ne2 Bg7 13. Ng3 exd5 14. exd5 Nd7 15. Ra3 Nf6 16. f5 Bd7 17. fxg6 fxg6 18. Bg5 Bxb5 19. axb5 Qd7 20. Raf3 Ng4 21.
Rxf8+ Rxf8 22. Rxf8+ Bxf8 23. Ne4 Qf5 24. Qf3 Qxe4 25.
Qg3 Qf5 0-1

[Event "Late-Titled-Tuesday-Blitz-July-09-2024"]
[Site "Chess.com"]
[Date "2024.07.09"]
[Round "7"]
[White "Itay121"]
[Black "alreadybroken23"]
[Result "1-0"]
[WhiteElo "2536"]
[BlackElo "2648"]
[TimeControl "180+1"]
[EndTime "15:13:59 PDT"]
[Termination "Itay121 won by resignation"]

1. e4 Nf6 2. e5 Nd5 3. Nc3 e6 4. Nxd5 exd5 5. d4 d6 6. Nf3 Nc6 7. Bd3 dxe5 8. dxe5 Bg4 9. O-O Be7 10. Re1 O-O 11. h3 Bh5 12. Be2 Re8 13. Bf4 Bc5 14.
c3 Qd7 15. Nd4 Bxe2 16. Rxe2 Bxd4 17. cxd4 Ne7 18. Rc1 b6 19. e6 fxe6 20. Rxc7 Qb5 21. Rxe6 Ng6 22. Qg4 Rf8 23. Rxg6 hxg6 24. Qxg6 1-0

[Event "Late-Titled-Tuesday-Blitz-July-09-2024"]
[Site "Chess.com"]
[Date "2024.07.09"]
[Round "7"]
[White "HATilay"]
[Black "sammartin99"]
[Result "1-0"]
[WhiteElo "2575"]
[BlackElo "2420"]
[TimeControl "180+1"]
[EndTime "15:14:13 PDT"]
[Termination "HATilay won by resignation"]

1. e4 e6 2. d4 d5 3. e5 c5 4. c3 Nc6 5. Nf3 Bd7 6. a3 f6 7.
Bd3 fxe5 8. Nxe5 Nxe5 9. dxe5 Ne7 10. O-O Qc7 11. Re1 c4 12. Bc2 O-O-O 13. b3 Nc6 14. bxc4 dxc4 15. Qe2 Bc5 16. Nd2 Rhf8 17. Ne4 Nxe5 18.
Nxc5 Qxc5 19. Be3 Qa5 20. Rab1 Bc6 21. Bd4 Nd3 22. Qxe6+ Kb8 23. Qxc6 1-0

[Event "Late-Titled-Tuesday-Blitz-July-09-2024"]
[Site "Chess.com"]
[Date "2024.07.09"]
[Round "7"]
[White "Mops_2004"]
[Black "Fandorine"]
[Result "0-1"]
[WhiteElo "2739"]
[BlackElo "2925"]
[TimeControl "180+1"]
[EndTime "15:14:16 PDT"]
[Termination "Fandorine won by resignation"]

1. e4 c5 2. Nf3 e6 3. c4 Nc6 4. d4 cxd4 5. Nxd4 Nf6 6. Nc3 Bc5 7.
Nc2 O-O 8. Be3 b6 9. Be2 Bb7 10. O-O Qe7 11. Qd2 Rfd8 12. f4 d5 13. cxd5 exd5 14.
exd5 Nb4 15. Kh1 Nxc2 16. Bxc5 Qxc5 17. Qxc2 Nxd5 18. Qc1 Ne3 19. Rf2 Nc2 0-1

[Event "Late-Titled-Tuesday-Blitz-July-09-2024"]
[Site "Chess.com"]
[Date "2024.07.09"]
[Round "7"]
[White "Al_Shima"]
[Black "shirovin"]
[Result "1-0"]
[WhiteElo "2486"]
[BlackElo "2088"]
[TimeControl "180+1"]
[EndTime "15:14:25 PDT"]
[Termination "Al_Shima won by checkmate"]

1. b3 f5 2. Bb2 Nf6 3. e3 d6 4.
f4 Nc6 5. Nf3 e6 6. h3 Be7 7. g4 O-O 8. gxf5 exf5 9. Rg1 Rf7 10. Qe2 Ne4 11. d3 Bh4+ 12. Kd1 Ng3 13. Qg2 Nxf1 14.
Rxf1 Bf6 15. Nc3 d5 16. d4 Re7 17. Ne5 Bd7 18. Qxd5+ Kf8 19. Ba3 Bxe5 20. fxe5 Ke8 21. Qg8# 1-0

[Event "Late-Titled-Tuesday-Blitz-July-09-2024"]
[Site "Chess.com"]
[Date "2024.07.09"]
[Round "7"]
[White "Kostukov_Alex"]
[Black "maurovargas01"]
[Result "1-0"]
[WhiteElo "2330"]
[BlackElo "1937"]
[TimeControl "180+1"]
[EndTime "15:14:32 PDT"]
[Termination "Kostukov_Alex won by checkmate"]

1. g3 c6 2. Bg2 e5 3. c4 f5 4. Nc3 Nf6 5. a3 d6 6. e3 g5 7. Nge2 Bg7 8. O-O O-O 9. d4 e4 10. f3 exf3 11. Bxf3 Qe8 12. Qd3 Nbd7 13. Bd2 Ng4 14.
Bxg4 fxg4 15. e4 h6 16. Rxf8+ Qxf8 17. Rf1 Qe8 18. b4 Qg6 19. b5 c5 20. Nd5 b6 21.
Ne7+ Kh7 22. Nxg6 Kxg6 23. e5+ Kh5 24. Qf5 Nxe5 25. Nf4# 1-0

[Event "Late-Titled-Tuesday-Blitz-July-09-2024"]
[Site "Chess.com"]
[Date "2024.07.09"]
[Round "7"]
[White "Boundless_Strike"]
[Black "Rud_Makarian"]
[Result "1-0"]
[WhiteElo "2816"]
[BlackElo "2970"]
[TimeControl "180+1"]
[EndTime "15:14:39 PDT"]
[Termination "Boundless_Strike won by resignation"]

1. d4 Nf6 2. Nc3 d6 3. e4 e5 4. Nf3 Nbd7 5. g4 g6 6. g5 Nh5 7. Be3 Bg7 8. Qd2 O-O 9. O-O-O a6 10. dxe5 Nxe5 11. Nxe5 Bxe5 12. f4 Bh8 13. Be2 Re8 14.
Bxh5 gxh5 15. f5 Bxc3 16. Qxc3 Rxe4 17. g6 f6 18. Qb3+ Kh8 19. Qf7 Qg8 20. Qxf6+ Qg7 21. Qd8+ Qg8 22. g7+ Kxg7 23. Rhg1+ Rg4 24. Bd4+ Kf7 25.
Qxc7+ 1-0

[Event "Late-Titled-Tuesday-Blitz-July-09-2024"]
[Site "Chess.com"]
[Date "2024.07.09"]
[Round "7"]
[White "NajdorfPlayerc5"]
[Black "santig8"]
[Result "0-1"]
[WhiteElo "2391"]
[BlackElo "2289"]
[TimeControl "180+1"]
[EndTime "15:14:39 PDT"]
[Termination "santig8 won on time"]

1. e4 c5 2. Nf3 d6 3. d4 cxd4 4. Qxd4 Nc6 5. Bb5 Bd7 6. Bxc6 Bxc6 7. Nc3 Nf6 8. Bg5 e6 9. O-O-O Be7 10. Kb1 Qc7 11.
Rhe1 O-O-O 12. Qxa7 Qb8 13. Qxb8+ Kxb8 14. e5 Bxf3 15.
gxf3 dxe5 16. Rxd8+ Rxd8 17. Rxe5 h6 18. Bc1 Bd6 19.
Re1 Bxh2 20. f4 Nd5 21. Nxd5 Rxd5 22. Rh1 Rh5 23. f5 e5 24. c4 g6 25. fxg6 fxg6 26. f4 Bxf4 27. Rxh5 gxh5 28. Bxf4 exf4 29. Kc2 h4 0-1

[Event "Late-Titled-Tuesday-Blitz-July-09-2024"]
[Site "Chess.com"]
[Date "2024.07.09"]
[Round "7"]
[White "Vaporwaffle94"]
[Black "DanLowinger"]
[Result "1-0"]
[WhiteElo "2297"]
[BlackElo "2392"]
[TimeControl "180+1"]
[EndTime "15:14:44 PDT"]
[Termination "Vaporwaffle94 won by resignation"]

1. c4 Nf6 2. a3 g6 3. b4 Bg7 4. Bb2 O-O 5. Nf3 a5 6. b5 d6 7.
g3 e5 8. Bg2 Nbd7 9. O-O Nc5 10. d4 exd4 11. Nxd4 a4 12. Nc3 Re8 13. Nd5 Nxd5 14.
Bxd5 Bh3 15. Re1 Qf6 16. Rb1 Ne4 17. Bxe4 Rxe4 18. Nc2 Qe6 19. Bxg7 Kxg7 20. Ne3 Rxe3 21. Qd4+ Re5 22. f4 Qg4 23. Qc3 Re8 24. fxe5 Rxe5 25. Rbd1 Qe6 26. Rd2 f6 27. Qf3 b6 28. Kf2 Qxc4 29.
Kg1 Qxb5 30. Rc1 c5 31. Rxd6 Qe8 32. Qxf6+ Kh6 33. Qh4+ Rh5 34. Qf4+ Kg7 35. Rcd1 Qxe2 36.
Rd7+ Bxd7 37. Rxd7+ 1-0

[Event "Late-Titled-Tuesday-Blitz-July-09-2024"]
[Site "Chess.com"]
[Date "2024.07.09"]
[Round "7"]
[White "ChessLover0108"]
[Black "Nicolik"]
[Result "1-0"]
[WhiteElo "2940"]
[BlackElo "2732"]
[TimeControl "180+1"]
[EndTime "15:14:46 PDT"]
[Termination "ChessLover0108 won by checkmate"]

1. Nf3 d5 2. d4 Nf6 3. e3 e6 4. Bd3 Bd6 5. b3 b6 6. Bb2 Bb7 7. Nbd2 O-O 8. Ne5 Nbd7 9. O-O Ne4 10. c4 Nxd2 11. Qxd2 f6 12. Nxd7 Qxd7 13. Qe2 f5 14.
Rac1 c6 15. f3 Rae8 16. f4 Rc8 17. c5 bxc5 18. dxc5 Bb8 19. g4 Rce8 20. gxf5 exf5 21. Bd4 Qe7 22. Rf3 Qh4 23. Qg2 g6 24. Rh3 Qe7 25. Kh1 Bc8 26. Rg1 Qe6 27. Rxh7 Kxh7 28. Qh3+ Kg8 29.
Qh8+ Kf7 30. Qh7# 1-0

[Event "Late-Titled-Tuesday-Blitz-July-09-2024"]
[Site "Chess.com"]
[Date "2024.07.09"]
[Round "7"]
[White "Djager97"]
[Black "Brown_Mamba24"]
[Result "0-1"]
[WhiteElo "2638"]
[BlackElo "2532"]
[TimeControl "180+1"]
[EndTime "15:14:46 PDT"]
[Termination "Brown_Mamba24 won by resignation"]

1. e4 c5 2. Nf3 Nc6 3. Bb5 Nf6 4.
Nc3 Qc7 5. O-O Nd4 6. Re1 a6 7. Bf1 d6 8. Nxd4 cxd4 9. Ne2 Nxe4 10. Nxd4 Nf6 11. b3 e5 12. Nf3 Be7 13. d4 e4 14.
Nd2 d5 15. Be2 O-O 16. Nf1 Qc3 17. Bg5 Bb4 18. Bd2 Qxd4 19. Bxb4 Qxb4 20. Ne3 Be6 21.
a3 Qc3 22. Ng4 Nxg4 23. Bxg4 f5 24. Be2 Rac8 25. Rc1 Rfd8 26. Bf1 Bf7 27. g3 d4 28.
Bh3 g6 29. g4 Qxh3 0-1

[Event "Late-Titled-Tuesday-Blitz-July-09-2024"]
[Site "Chess.com"]
[Date "2024.07.09"]
[Round "7"]
[White "evgchess5"]
[Black "Oleksandr_Bortnyk"]
[Result "0-1"]
[WhiteElo "2863"]
[BlackElo "3056"]
[TimeControl "180+1"]
[EndTime "15:14:55 PDT"]
[Termination "Oleksandr_Bortnyk won on time"]

1. e4 Nf6 2. e5 Nd5 3. d4 d6 4.
Nf3 dxe5 5. Nxe5 c6 6. Be2 Bf5 7. O-O Nd7 8. c4 N5f6 9. Nf3 e6 10. Nc3 Bd6 11. h3 O-O 12. Be3 Ne4 13. Qb3 Nxc3 14.
bxc3 Qc7 15. c5 Be7 16. c4 b6 17. cxb6 axb6 18. a4 Bf6 19. Rac1 Qa7 20. d5 c5 21. Rfd1 Qxa4 22. Qxa4 Rxa4 23. g4 Be4 24. dxe6 Ne5 25.
e7 Re8 26. Rd8 Ra8 27. Nxe5 Bxe5 28. Rcd1 Bf6 29. Rxa8 Rxa8 0-1

[Event "Late-Titled-Tuesday-Blitz-July-09-2024"]
[Site "Chess.com"]
[Date "2024.07.09"]
[Round "7"]
[White "Patricius007"]
[Black "Indefatigable11"]
[Result "1-0"]
[WhiteElo "2557"]
[BlackElo "2415"]
[TimeControl "180+1"]
[EndTime "15:14:56 PDT"]
[Termination "Patricius007 won by checkmate"]

1. e4 e6 2. d4 d5 3. Nd2 c5 4. exd5 Qxd5 5. Ngf3 cxd4 6. Nb3 Bb4+ 7. Bd2 Bxd2+ 8.
Qxd2 e5 9. c3 Nc6 10. cxd4 e4 11.
Ne5 Nxe5 12. dxe5 Qxe5 13. Rd1 Bg4 14. Be2 Bxe2 15. Qd7+ Kf8 16. Kxe2 Qe7 17. Qb5 Nf6 18.
Nc5 b6 19. Nd7+ Nxd7 20. Rxd7 Qe6 21. Rhd1 g6 22. R1d6 Qe8 23. Qb4 Kg7 24. Qd4+ Kh6 25. g4 Rf8 26. Rd5 Qe6 27. h3 Rac8 28. R7d6 Qe7 29.
Rh5# 1-0

[Event "Late-Titled-Tuesday-Blitz-July-09-2024"]
[Site "Chess.com"]
[Date "2024.07.09"]
[Round "7"]
[White "ninguno46"]
[Black "Hirna2005"]
[Result "1-0"]
[WhiteElo "2580"]
[BlackElo "2420"]
[TimeControl "180+1"]
[EndTime "15:14:57 PDT"]
[Termination "ninguno46 won by resignation"]

1. Nf3 g6 2. c4 Bg7 3. d4 d6 4. g3 Nc6 5. Bg2 Nf6 6. d5 Nb8 7. O-O O-O 8. Nc3 c5 9. h3 a6 10. a4 Bd7 11. e4 Qc8 12. Kh2 a5 13. e5 Ne8 14. Re1 Na6 15. Bf4 Nb4 16. Qd2 Bf5 17. g4 Bd7 18. Ne4 dxe5 19. Nxe5 Nf6 20.
Ng3 e6 21. Bh6 Bxh6 22. Qxh6 exd5 23. g5 Ne8 24. cxd5 Nc2 25. Ne4 f5 26. Nxg6 hxg6 27. Qxg6+ Ng7 28. Nf6+ Rxf6 29. gxf6 Qf8 30. Re7 Qxe7 31.
fxe7 Nxa1 32. d6 Be6 33. d7 Bxd7 34. Bd5+ Be6 35. Bxe6+ 1-0

[Event "Late-Titled-Tuesday-Blitz-July-09-2024"]
[Site "Chess.com"]
[Date "2024.07.09"]
[Round "7"]
[White "mbachez"]
[Black "baki83"]
[Result "0-1"]
[WhiteElo "2616"]
[BlackElo "2830"]
[TimeControl "180+1"]
[EndTime "15:14:58 PDT"]
[Termination "baki83 won by resignation"]

1. e4 e5 2. Nf3 Nc6 3. Nc3 Nf6 4. Be2 Bb4 5. Nd5 Bc5 6. d3 Nxd5 7. exd5 Nd4 8. O-O Nxf3+ 9. Bxf3 d6 10. c3 O-O 11. d4 exd4 12. cxd4 Bb6 13. Be3 Bf5 14. Rc1 h6 15. Qd2 Re8 16. a4 a5 17.
Rfe1 Qd7 18. b3 Be4 19. Bxe4 Rxe4 20. Bxh6 Rxd4 21. Qe3 gxh6 22. Qxh6 Qf5 23. Rc3 Rg4 24. Rf1 Re8 25. h3 Rg6 26. Qd2 Re5 27. Rd3 Re4 28.
Kh2 Qe5+ 29. f4 Re2 0-1

[Event "Late-Titled-Tuesday-Blitz-July-09-2024"]
[Site "Chess.com"]
[Date "2024.07.09"]
[Round "7"]
[White "adrivillu"]
[Black "PawnEatingZombie"]
[Result "1-0"]
[WhiteElo "2422"]
[BlackElo "2268"]
[TimeControl "180+1"]
[EndTime "15:14:58 PDT"]
[Termination "adrivillu won by checkmate"]

1. e4 e6 2. d4 d5 3. Nc3 Nf6 4. Bg5 Be7 5. e5 Nfd7 6. h4 h6 7. Bxe7 Qxe7 8. Qg4 O-O 9. O-O-O c5 10. Nf3 Nc6 11.
dxc5 Nxc5 12. Rh3 f5 13. exf6 Qxf6 14. Rg3 Qf4+ 15. Qxf4 Rxf4 16. Bb5 Bd7 17. Bxc6 bxc6 18. Ne2 Rff8 19. Ned4 Ne4 20. Rg6 Rae8 21. Ne5 Bc8 22. f3 Nf6 23. Ndxc6 a6 24. Rd4 Nh5 25. Rgg4 Nf6 26.
Rgf4 g5 27. hxg5 hxg5 28. Rg4 Nxg4 29. Rxg4 Rf5 30. Ng6 Kg7 31. Nge7 Rf7 32. Rxg5+ Kf6 33. Rg6# 1-0

[Event "Late-Titled-Tuesday-Blitz-July-09-2024"]
[Site "Chess.com"]
[Date "2024.07.09"]
[Round "7"]
[White "LoonsDeKoeben"]
[Black "Mikhail_Golubev"]
[Result "0-1"]
[WhiteElo "2435"]
[BlackElo "2628"]
[TimeControl "180+1"]
[EndTime "15:14:59 PDT"]
[Termination "Mikhail_Golubev won by checkmate"]

1. d4 Nf6 2. Bf4 d6 3. Nf3 Nbd7 4. Nbd2 g6 5. e3 Bg7 6. h3 O-O 7. Bh2 b6 8. Be2 Bb7 9. c3 e5 10. O-O e4 11. Ne1 Re8 12. c4 Nf8 13. d5 N8d7 14. Nb3 a5 15. Nd4 Nc5 16. b3 Nfd7 17. Nec2 Ne5 18. Rb1 Qd7 19. a3 a4 20. b4 Ncd3 21.
Ne1 Nxc4 22. Nxd3 exd3 23. Qxd3 Bxd5 24. e4 Rxe4 25. Nf3 c6 26. Ng5 Ree8 27. b5 Qe7 28.
bxc6 Qxg5 29. Rfd1 Qxg2# 0-1

[Event "Late-Titled-Tuesday-Blitz-July-09-2024"]
[Site "Chess.com"]
[Date "2024.07.09"]
[Round "7"]
[White "stollenmonster"]
[Black "zacachess"]
[Result "1-0"]
[WhiteElo "2855"]
[BlackElo "2491"]
[TimeControl "180+1"]
[EndTime "15:15:04 PDT"]
[Termination "stollenmonster won on time"]

1. e4 c5 2. Nf3 d6 3. d4 cxd4 4. Nxd4 Nf6 5. Nc3 Nc6 6. Nde2 e5 7. g3 Be7 8. Bg2 O-O 9. h3 Be6 10. Nd5 Bxd5 11. exd5 Nb8 12. O-O Nbd7 13. c4 Ne8 14. Be3 f5 15. f4 Bf6 16. Rc1 g6 17. g4 fxg4 18. hxg4 Rc8 19. b4 b6 20. Qd2 Bg7 21. g5 Nc7 22. Bh3 Rb8 23. f5 gxf5 24. Bxf5 Qe7 25. Ng3 Kh8 26. Qh2 h6 27. Be4 Rxf1+ 28.
Rxf1 Rf8 29. Nf5 Qe8 30. Nxg7 Rxf1+ 31. Kxf1 Qf7+ 32. Nf5 h5 33. Ke2 b5 34. Nxd6 Qf8 35.
Qxh5+ 1-0

[Event "Late-Titled-Tuesday-Blitz-July-09-2024"]
[Site "Chess.com"]
[Date "2024.07.09"]
[Round "7"]
[White "BardArtem"]
[Black "JAN2404"]
[Result "1-0"]
[WhiteElo "2782"]
[BlackElo "2109"]
[TimeControl "180+1"]
[EndTime "15:15:07 PDT"]
[Termination "BardArtem won on time"]

1. e4 c5 2. Nf3 d6 3. d4 cxd4 4. Qxd4 Nf6 5. Qd3 g6 6. Nc3 Nc6 7. e5 dxe5 8. Qxd8+ Kxd8 9. Bc4 Nd4 10. Nxe5 Nxc2+ 11. Ke2 Be6 12. Bxe6 fxe6 13. Rd1+ Kc8 14. Nf7 Bg7 15. Nxh8 Nxa1 16. Nf7 Nd7 17. Bg5 Nc2 18. Bxe7 Bxc3 19. bxc3 b5 20. Rc1 Na1 21. Rxa1 Nb6 22. Bc5 Nd5 23. Bd4 Kd7 24. a4 1-0